 Dungeon Crawl Stone Soup version 0.20-a0-1109-ge3cd172 (webtiles) character file.

205 Infinimo the Conjurer (level 5, -2/42 HPs)
             Began as a Deep Elf Wizard on Apr 30, 2017.
             Slain by a gnoll
             ... wielding a +0 spear
              (5 damage)
             ... on level 3 of the Dungeon on May 5, 2017.
             The game lasted 00:03:44 (2110 turns).

Infinimo the Conjurer (Deep Elf Wizard)             Turns: 2110, Time: 00:03:45

Health: -2/42      AC: 22    Str:  4    XL:     5   Next: 52%
Magic:  14/14      EV:  2    Int: 24    God:
Gold:   114        SH:  0    Dex: 18    Spells: 12/13 levels left

rFire    . . .     SeeInvis .   h - -1 dagger
rCold    . . .     Gourm    .   (no shield)
rNeg     + + +     Faith    .   (armour currently unavailable)
rPois    +         Spirit   .   (helmet currently unavailable)
rElec    .         Reflect  .   (cloak currently unavailable)
rCorr    .         Harm     .   (gloves currently unavailable)
MR       .....     NoTele   +   (boots currently unavailable)
Stlth    +++.......             (no amulet)
Regen    0.2/turn               (no ring)
MPRegen  0.2/turn               (no ring)

@: agile, lethally poisoned (-2 -> -4), tree-form, slowed, very slow
A: no striking features
a: no special abilities


You were on level 3 of the Dungeon.
You were not hungry.
You were a tree.
You visited 1 branch of the dungeon, and saw 3 of its levels.

You collected 114 gold pieces.

Inventory:

Hand Weapons
 h - a -1 dagger (weapon)
Armour
 a - a +0 robe (melded)
 b - a +0 hat (melded)
Potions
 m - a potion of magic
Books
 c - a book of Minor Magic

   Spells                             Type                      Level
   a - Magic Dart                     Conjuration                  1
   b - Blink                          Translocation                2
   c - Call Imp                       Summoning                    2
   d - Slow                           Hexes                        2
   e - Conjure Flame                  Conjuration/Fire             3
   f - Mephitic Cloud                 Conjuration/Poison/Air       3
Comestibles
 d - 3 bread rations
 f - a royal jelly
 j - 5 chunks of flesh
 n - a meat ration


   Skills:
 - Level 2.7 Dodging
 - Level 2.6 Stealth
 - Level 4.6 Spellcasting
 + Level 5.7 Conjurations
   Level 1.1 Summonings
   Level 1.1 Translocations


You had 12 spell levels left.
You knew the following spells:

 Your Spells              Type           Power        Failure   Level  Hunger
a - Magic Dart            Conj           ####         1%          1    None


Dungeon Overview and Level Annotations

Branches:
Dungeon (3/15)

Altars:
Jiyva


Message History

Your roots penetrate the ground.
It was a potion of agility.
You feel agile all of a sudden.
You feel sick.
It was a potion of berserk rage.
A red film seems to cover your vision as you go berserk!
You feel yourself moving faster!
You feel mighty!
You feel a strong urge to attack something.
You feel sick.
You feel your anger subside.
You are no longer berserk.
You pass out from exhaustion.
You feel yourself slow down.
You feel sick.
You can move again.
It was a potion of magic.
Magic courses through your body.
The gnoll hits you from afar with a spear.
* * * LOW HITPOINT WARNING * * *
The gnoll hits you from afar with a spear.
You die...

#..##.....#
#..######.######.
#...............>
###..######.#######
#....##.....#
#.#.###(#####
#.#.###(###
#%#.......###
#.♣.....)...#
#†#####.#.#.# #g#
.....# #
#...g..[###..#
#....g..# ....
#.......# .....
#......... .##.##
#..........## .#
#...........


You could see 2 gnolls.

Vanquished Creatures
  A centaur (D:3)
  3 gnolls (D:3)
  6 adders
  An ooze (D:1)
  3 dart slugs
  An orc (D:3)
  A ball python (D:1)
  A giant cockroach (D:1)
  4 goblins
  5 hobgoblins
  2 bats
  A frilled lizard (D:1)
  6 kobolds
  4 rats
39 creatures vanquished.

Notes
Turn   | Place    | Note
-------+----------+-------------------------------------------
     0 | D:1      | Infinimo the Deep Elf Wizard began the quest for the Orb.
     0 | D:1      | Reached XP level 1. HP: 10/10 MP: 7/7
   555 | D:1      | Reached XP level 2. HP: 15/15 MP: 6/9
   818 | D:1      | Reached skill level 2 in Conjurations
   944 | D:1      | Found a viscous altar of Jiyva.
  1199 | D:1      | Upgraded the game from 0.20-a0-1078-g4874019 to 0.20-a0-1109-ge3cd172
  1268 | D:2      | Reached XP level 3. HP: 19/19 MP: 8/11
  1314 | D:2      | Reached skill level 3 in Conjurations
  1547 | D:2      | You fall through a shaft!
  1652 | D:3      | Reached XP level 4. HP: 24/24 MP: 7/12
  1656 | D:3      | Reached skill level 4 in Conjurations
  1936 | D:3      | Noticed a centaur
  1946 | D:3      | Killed a centaur
  1946 | D:3      | Reached skill level 5 in Conjurations
  1946 | D:3      | Reached XP level 5. HP: 9/28 MP: 5/14
  2110 | D:3      | Slain by a gnoll

Vault maps used:
D:1:      erik_arrival_cave_to_civilisation
D:3:      uniq_ijyb

Skill      XL: |  1  2  3  4 |
---------------+-------------+-----
Conjurations   | 2 3 5 |  5.7
Dodging        | |  2.7
Stealth        | |  2.6
Spellcasting   | |  4.6
Summonings     | |  1.1
Translocations | |  1.1

Action                   |  1- 3 |  4- 6 || total
-------------------------+-------+-------++-------
 Cast: Magic Dart        |    79 |    39 ||   118
  Use: Scroll            |     1 |     1 ||     2
       Potion            |       |     5 ||     5
  Eat: Chunk             |     2 |     1 ||     3
Armor: Robe              |     2 |     2 ||     4
       Skin              |       |     6 ||     6
Dodge: Dodged            |    18 |    14 ||    32
